Map: Neon Violet Square LE

Players

HeRoMaRinE - Winner!

  • Race: Terran Terran
  • Spawn Location: 5:00

Elazer

  • Race: Zerg Zerg
  • Spawn Location: 11:00

Event: IEM Season 12 - Katowice

VOD

Have the link to the VOD?

Description

Time

  • Played on: March 2, 2018, 11:22 a.m.
  • Length: 14:13

All games in this series

Show
View Real Time Build Order
Export as new Build Order

HeRoMaRinE Terran - Winner!

Build Orders: Gas First Reaper Expand, Hellion Opening, Reaper Expand, Mech 

Get SALT Encoding   

  12  0:00  SCV  
  13  0:12  SCV  
  14  0:18  Supply Depot  
  14  0:24  SCV  
  15  0:29  Refinery  
  15  0:39  SCV  
  16  0:45  Barracks  
  16  0:51  SCV  
  17  1:03  SCV  
  18  1:15  SCV  
  19  1:32  Reaper, Orbital Command  
  20  1:44  Command Center  
  20  1:55  Factory  
  20  1:58  SCV  
  21  2:06  Barracks Reactor  
  21  2:09  Supply Depot  
  21  2:12  SCV  
  22  2:17  Refinery  
  22  2:24  SCV  
  23  2:36  SCV  
  24  2:45  Starport  
  24  2:47  Hellion x2  
  24  2:48  SCV  
  29  2:51  Marine  
  29  2:58  Orbital Command  
  30  3:01  SCV  
  31  3:09  Hellion  
  31  3:11  Hellion  
  35  3:14  SCV  
  36  3:22  Medivac  
  36  3:24  SCV  
  36  3:26  SCV  
  40  3:33  Barracks Tech Lab  
  40  3:35  Hellion x2  
  40  3:40  Supply Depot  
  44  3:42  SCV  
  44  3:44  SCV  
  46  4:02  SCV x2, Hellion  
  52  4:03  Hellion  
  52  4:04  Supply Depot  
  52  4:08  Raven  
  54  4:10  Armory  
  54  4:26  SCV x2  
  54  4:28  Supply Depot  
  56  4:34  Command Center  
  56  4:38  SCV x2  
  58  4:44  Hellion x2  
  62  4:50  SCV x2  
  58  5:02  SCV x2  
  58  5:05  Factory, Refinery  
  58  5:06  Factory  
  56  5:08  Terran Vehicle Weapons Level 1, Refinery  
  56  5:12  Barracks Tech Lab  
  56  5:14  SCV  
  56  5:15  SCV  
  56  5:19  Hellion  
  56  5:21  Hellion  
  62  5:22  Starport Reactor  
  62  5:27  SCV x2  
  64  5:37  Supply Depot  
  64  5:39  SCV x2  
  70  5:47  Orbital Command  
  66  5:50  Refinery  
  66  5:51  SCV x2  
  66  5:56  Refinery  
  68  5:58  Thor  
  68  6:00  Thor  
  68  6:03  SCV x2  
  82  6:09  Hellion x2  
  86  6:13  SCV  
  86  6:14  Supply Depot  
  86  6:15  SCV x2  
  86  6:17  Hellion x2  
  89  6:23  Medivac x2  
  93  6:35  Supply Depot  
  93  6:36  Supply Depot, SCV x3  
  96  6:43  Factory  
  96  6:45  Factory  
  96  6:48  SCV x3  
  99  6:56  Siege Tank x2  
  99  6:58  Supply Depot  
  99  7:01  SCV x3  
  108  7:02  Supply Depot  
  108  7:06  Terran Vehicle And Ship Armor Level 1  
  108  7:08  Hellion x2  
  112  7:10  Starport Reactor  
  112  7:13  SCV x3  
  113  7:23  Infernal Pre-Igniter  
  113  7:27  SCV x3  
  113  7:28  Siege Tank x2  
  113  7:29  Supply Depot  
  124  7:35  Factory Tech Lab  
  120  7:39  SCV x3  
  120  7:43  Hellion x2  
  118  7:52  SCV x2  
  118  7:53  Medivac x2  
  118  7:54  Siege Tank  
  118  7:56  Hellion  
  129  7:59  Hellion  
  129  8:00  Siege Tank  
  134  8:07  Siege Tank  
  134  8:08  Hellion x2  
  134  8:10  Supply Depot  
  141  8:14  Supply Depot  
  141  8:25  Hellion x2  
  141  8:26  Viking, Siege Tank  
  148  8:30  Supply Depot  
  148  8:31  Viking  
  150  8:38  Hellion, Siege Tank  
  150  8:39  Hellion  
  157  8:41  Supply Depot  
  157  8:45  Siege Tank  
  160  8:52  Hellion  
  160  8:54  Hellion  
  164  8:56  Viking  
  164  8:59  Terran Vehicle Weapons Level 2  
  164  9:01  Siege Tank  
  169  9:03  Viking  
  169  9:04  Hellion  
  169  9:05  Hellion  
  169  9:08  Supply Depot  
  175  9:13  Engineering Bay  
  175  9:15  Siege Tank  
  170  9:21  Hellion, Siege Tank  
  170  9:22  Hellion  
  165  9:32  Hellion x2  
  165  9:33  Siege Tank  
  162  9:40  Viking x2  
  162  9:43  Hellion x2  
  170  9:48  SCV x3  
  155  10:06  Thor x2  
  138  10:19  Thor  
  133  10:22  Hellion x2  
  133  10:26  Hellion  
  139  10:29  Viking  
  139  10:36  Hellion  
  139  10:44  Hellion x2  
  139  10:47  Hellion  
  139  10:49  Viking, Siege Tank  
  144  10:50  Hellion  
  137  10:59  Hellion  
  137  11:00  SCV x2  
  137  11:01  SCV  
  137  11:03  Hellion  
  117  11:06  Hellion  
  117  11:11  Siege Tank  
  122  11:15  Hellion  
  122  11:16  Hellion  
  116  11:21  Siege Tank  
  116  11:22  Hellion  
  116  11:24  Siege Tank  
  118  11:27  Hellion  
  118  11:31  Hellion  
  118  11:32  Hellion x3  
  120  11:34  Viking  
  120  11:35  Viking  
  120  11:36  SCV  
  120  11:37  Hellion x2  
  129  11:43  SCV, Siege Tank  
  129  11:44  Hellion  
  132  11:51  Hellion  
  132  11:53  Siege Tank  
  137  11:56  SCV, Hellion  
  137  11:58  Hellion  
  137  12:01  Sensor Tower  
  141  12:02  Hellion  
  141  12:07  Hellion  
  145  12:10  SCV x2  
  145  12:11  Viking  
  145  12:12  Hellion  
  145  12:15  Siege Tank  
  153  12:17  Siege Tank  
  153  12:20  Hellion  
  157  12:23  Hellion  
  157  12:25  Viking  
  157  12:26  Siege Tank  
  157  12:28  Hellion  
  166  12:33  Hellion  
  168  12:41  Viking  
  170  12:45  Hellion  
  170  12:46  Hellion  
  170  12:48  Hellion  
  172  12:53  Siege Tank  
  172  12:55  Viking  
  172  12:58  Siege Tank  
  178  13:02  Hellion  
  164  13:09  Siege Tank  
  164  13:11  Viking  
  163  13:21  Hellion x2  
  163  13:25  Siege Tank  
  164  13:30  Hellion x2, Siege Tank  
  147  13:43  Hellion x2  
  148  13:51  Hellion x2  
Show
View Real Time Build Order
Export as new Build Order

Elazer Zerg 

Build Orders: Hatch First, Roach Hydra 

Get SALT Encoding   

  12  0:00  Drone  
  13  0:12  Overlord  
  13  0:17  Drone  
  14  0:30  Drone x2  
  16  0:49  Hatchery  
  15  0:52  Drone  
  15  0:56  Drone  
  17  0:59  Drone  
  18  1:10  Extractor  
  17  1:15  Spawning Pool  
  17  1:18  Drone  
  17  1:21  Drone  
  18  1:29  Drone  
  19  1:39  Drone  
  20  1:50  Overlord  
  20  2:01  Queen x2  
  20  2:02  Zergling x4  
  26  2:10  Metabolic Boost  
  26  2:12  Drone  
  26  2:14  Drone  
  28  2:22  Drone x2  
  30  2:39  Hatchery  
  30  2:42  Drone  
  30  2:48  Queen  
  32  2:52  Overlord  
  32  2:55  Drone  
  32  2:56  Drone  
  34  2:59  Drone  
  34  3:01  Drone  
  37  3:12  Drone  
  37  3:13  Drone x2  
  37  3:14  Drone x2  
  37  3:17  Overlord  
  41  3:24  Queen  
  43  3:28  Zergling x2  
  43  3:32  Overlord  
  45  3:41  Zergling x6  
  45  3:43  Drone x3  
  50  3:48  Overlord  
  50  3:51  Queen  
  50  3:54  Drone x2  
  54  3:58  Drone x3  
  57  4:06  Queen  
  57  4:07  Extractor  
  57  4:08  Lair  
  58  4:14  Zergling x4  
  61  4:17  Drone x2  
  61  4:21  Overlord  
  62  4:24  Drone x2  
  62  4:29  Drone x2, Extractor  
  62  4:30  Baneling Nest  
  64  4:32  Drone  
  64  4:34  Drone  
  64  4:36  Overlord  
  66  4:40  Drone  
  66  4:41  Drone  
  66  4:43  Drone  
  66  4:45  Drone x2  
  71  4:47  Drone  
  71  4:48  Spore Crawler, Drone  
  71  4:52  Drone  
  73  4:58  Drone x3  
  73  4:59  Drone  
  72  5:05  Overlord  
  72  5:06  Drone x2  
  74  5:09  Drone  
  74  5:10  Drone  
  74  5:12  Drone  
  74  5:13  Evolution Chamber x2  
  75  5:16  Drone x2  
  75  5:17  Drone  
  75  5:18  Drone  
  77  5:25  Overlord  
  75  5:29  Roach Warren  
  75  5:30  Zergling x4  
  75  5:31  Zergling x6  
  75  5:33  Overlord  
  79  5:36  Drone, Extractor  
  79  5:37  Extractor  
  79  5:39  Zerg Missile Weapons Level 1  
  79  5:41  Drone  
  79  5:43  Zerg Ground Armor Level 1  
  79  5:45  Drone  
  79  5:46  Drone  
  79  5:47  Drone  
  79  5:48  Drone  
  79  5:49  Drone  
  84  5:50  Drone  
  84  5:51  Drone  
  84  5:54  Drone x2  
  84  5:55  Drone  
  89  6:02  Overlord  
  89  6:04  Drone  
  90  6:09  Infestation Pit, Overlord  
  90  6:10  Glial Reconstitution  
  89  6:14  Roach x5  
  99  6:21  Roach x4  
  107  6:29  Hatchery  
  107  6:30  Overlord  
  106  6:34  Extractor  
  106  6:36  Drone x3  
  106  6:37  Hydralisk Den  
  106  6:41  Overlord  
  106  6:44  Roach x4  
  114  6:48  Hive  
  114  6:57  Overlord  
  114  6:58  Drone x7  
  121  7:01  Drone  
  121  7:05  Overlord  
  122  7:09  Overlord  
  122  7:10  Muscular Augments  
  122  7:15  Spire  
  122  7:17  Roach x2  
  122  7:20  Hydralisk x3  
  125  7:25  Hydralisk x2  
  123  7:43  Drone x6  
  126  7:46  Drone x4  
  126  7:50  Zerg Ground Armor Level 2, Zerg Missile Weapons Level 2  
  130  7:51  Overlord  
  130  8:02  Overlord  
  130  8:04  Extractor x2  
  126  8:08  Zergling x14  
  126  8:11  Infestor  
  126  8:12  Overlord  
  134  8:15  Hatchery  
  134  8:17  Drone  
  134  8:26  Roach x4  
  138  8:27  Hydralisk x2  
  138  8:29  Greater Spire  
  138  8:31  Hydralisk x3  
  138  8:32  Hydralisk x3  
  154  8:37  Roach x3  
  160  8:45  Roach x3  
  160  8:46  Roach x2  
  160  8:48  Grooved Spines  
  170  8:57  Overlord x3  
  170  9:00  Corruptor  
  172  9:08  Corruptor x2  
  176  9:15  Corruptor x3  
  168  9:34  Hydralisk  
  168  9:35  Hydralisk x4  
  170  9:42  Brood Lord  
  170  9:43  Brood Lord  
  170  9:44  Brood Lord  
  176  9:49  Hydralisk  
  176  9:50  Hydralisk x2  
  169  9:57  Hydralisk x3  
  161  10:06  Hydralisk x4  
  139  10:12  Hydralisk x3  
  132  10:15  Zergling x2  
  132  10:16  Zergling x28  
  132  10:21  Hydralisk x3  
  139  10:24  Hydralisk x2  
  139  10:26  Hydralisk  
  135  10:30  Hydralisk  
  135  10:31  Hydralisk  
  138  10:41  Hydralisk x4  
  137  10:46  Overlord x2  
  98  10:58  Hydralisk x6  
  82  11:10  Hydralisk x3  
  82  11:15  Hydralisk  
  82  11:16  Hydralisk  
  86  11:20  Hydralisk  
  86  11:21  Zergling x10  
  91  11:30  Drone x3  
  94  11:33  Drone  
  94  11:35  Drone x4  
  98  11:43  Viper  
  98  11:46  Drone x3  
  104  11:48  Queen  
  104  11:49  Queen  
  108  12:02  Hydralisk x5  
  118  12:08  Drone x3  
  118  12:11  Drone  
  118  12:12  Drone  
  118  12:13  Drone  
  122  12:17  Drone x4  
  122  12:21  Overlord x2  
  125  12:44  Roach  
  125  12:45  Roach x7  
  125  12:49  Overlord x2  
  138  13:00  Viper x3  
  138  13:04  Hydralisk  
  142  13:09  Roach x10  
  154  13:15  Roach x3  
  152  13:29  Hydralisk x2  
  152  13:30  Hydralisk x6  
  147  13:38  Hydralisk x2  
  136  13:45  Hydralisk x3  
  140  14:01  Hatchery  

Tags
 
Add a new tag
Caveats
  • Supply blocks, unpowered buildings, or Contaminate may cause inaccurate times.
  • Supply counts are checked every 10 seconds.